MLB
SAN FRANCISCO GIANTS @ PITTSBURGH PIRATES
05/12/2018
 
TOP OF THE 1ST
San Francisco Giants batting - Pitching for Pittsburgh Pirates : RHP Nick Kingham
Pitching: RHP Nick Kingham
Batting: LHB Jon Jay 0-0: Called Strike
0-1: Swinging Strike
0-2: Ball
1-2: Ball
2-2: Ball
3-2: Strikes out swinging
Batting: RHB Dustin Pedroia 0-0: Bunt for hit - play at first, batter safe!
Batting: LHB Anthony Rizzo 0-0: Ball
1-0: Called Strike
1-1: Called Strike
1-2: DOUBLE (Line Drive, 8RXD)
Dustin Pedroia to third
Batting: LHB Kyle Seager 0-0: Fly out, F7 (Flyball, 7S)
Runner from 3rd tags up, SCORES, throw made
Batting: RHB Nelson Cruz 0-0: Ball
1-0: Called Strike
1-1: Foul Ball, location: 2F
1-2: Ball
2-2: Foul Ball, location: 2F
2-2: Foul Ball, location: 2F
2-2: Foul Ball, location: 2F
2-2: Ball
3-2: Fly out, F8 (Flyball, 78M)
Top of the 1st over - 1 run, 2 hits, 0 errors, 1 left on base; San Francisco 1 - Pittsburgh 0
BOTTOM OF THE 1ST
Pittsburgh Pirates batting - Pitching for San Francisco Giants : RHP Max Scherzer
Pitching: RHP Max Scherzer
Batting: RHB Carlos Gomez 0-0: Foul Ball, location: 2F
0-1: Foul Ball, location: 2F
0-2: Ball
1-2: Ball
2-2: Fly out, F9 (Flyball, 9)
Batting: RHB Lorenzo Cain 0-0: Called Strike
0-1: DOUBLE (Line Drive, 7LM)
Batting: RHB Carlos Correa 0-0: Ball
1-0: Foul Ball, location: 2F
1-1: Ball
2-1: Ground out 4-3 (Groundball, 4S)
Lorenzo Cain to third
Batting: LHB Jake Lamb 0-0: Called Strike
0-1: Swinging Strike
Passed Ball!
Lorenzo Cain scores
0-2: Ball
1-2: Strikes out swinging
Bottom of the 1st over - 1 run, 1 hit, 0 errors, 0 left on base; San Francisco 1 - Pittsburgh 1
TOP OF THE 2ND
San Francisco Giants batting - Pitching for Pittsburgh Pirates : RHP Nick Kingham
Batting: LHB Corey Dickerson 0-0: Called Strike
0-1: Swinging Strike
0-2: Ball
1-2: Strikes out looking
Batting: RHB Tim Anderson 0-0: Ball
1-0: Called Strike
1-1: Foul Ball, location: 2F
1-2: Ball
2-2: SINGLE (Groundball, 6MD)
Batting: RHB Chris Gimenez 0-0: Ball
1-0: Ball
2-0: Ball
3-0: Called Strike
3-1: Called Strike
3-2: Foul Ball, location: 2F
3-2: Base on Balls
Tim Anderson to second
Batting: RHB Max Scherzer 0-0: Ball
1-0: Bunted foul
1-1: Sac Bunt - play at first, batter OUT! 5-4
Tim Anderson to third
Chris Gimenez to second
Batting: LHB Jon Jay 0-0: Called Strike
0-1: Swinging Strike
0-2: DOUBLE (Line Drive, 9LM)
Tim Anderson scores
Chris Gimenez scores
Batting: RHB Dustin Pedroia 0-0: Called Strike
0-1: Ball
1-1: Foul Ball, location: 2F
1-2: Foul Ball, location: 2F
1-2: Ball
2-2: SINGLE (Groundball, 6MD)
Jon Jay to third
Runner from 3rd tries for Home, SAFE, no throw
Batting: LHB Anthony Rizzo 0-0: Called Strike
0-1: Swinging Strike
0-2: Fly out, F9 (Flyball, 89D)
Top of the 2nd over - 3 runs, 3 hits, 0 errors, 1 left on base; San Francisco 4 - Pittsburgh 1
BOTTOM OF THE 2ND
Pittsburgh Pirates batting - Pitching for San Francisco Giants : RHP Max Scherzer
Batting: RHB Ryan Zimmerman 0-0: Ball
1-0: Ball
2-0: Called Strike
2-1: Ball
3-1: SINGLE (Groundball, 56D)
Batting: LHB Jay Bruce 0-0: Ball
1-0: Ball
2-0: Foul Ball, location: 2F
2-1: Swinging Strike
2-2: Foul Ball, location: 2F
2-2: Foul Ball, location: 2F
2-2: Foul Ball, location: 2F
2-2: Strikes out looking
Batting: LHB Brad Miller 0-0: Foul Ball, location: 2F
0-1: Ball
1-1: Ball
2-1: Called Strike
2-2: Ball
3-2: Grounds into double play, 4-6-3 (Groundball, 4)
Bottom of the 2nd over - 0 runs, 1 hit, 0 errors, 0 left on base; San Francisco 4 - Pittsburgh 1
TOP OF THE 3RD
San Francisco Giants batting - Pitching for Pittsburgh Pirates : RHP Nick Kingham
Batting: LHB Kyle Seager 0-0: Called Strike
0-1: Ball
1-1: Ball
2-1: Ball
3-1: Fly out, F8 (Flyball, 89M)
Batting: RHB Nelson Cruz 0-0: Foul Ball, location: 2F
0-1: Foul Ball, location: 2F
0-2: Strikes out looking
Batting: LHB Corey Dickerson 0-0: Ball
1-0: Ball
2-0: Swinging Strike
2-1: Swinging Strike
2-2: Ball
3-2: Base on Balls
Batting: RHB Tim Anderson 0-0: Fly out, F8 (Flyball, 8LD)
Top of the 3rd over - 0 runs, 0 hits, 0 errors, 1 left on base; San Francisco 4 - Pittsburgh 1
BOTTOM OF THE 3RD
Pittsburgh Pirates batting - Pitching for San Francisco Giants : RHP Max Scherzer
Batting: RHB Manny Pina 0-0: Ball
1-0: DOUBLE (Line Drive, 78M)
Batting: RHB Nick Kingham 0-0: Bunt missed!
0-1: Sac Bunt - play at third, runner OUT! 2-5
Batting: RHB Carlos Gomez 0-0: Fly out, F8 (Flyball, 8LXD)
Batting: RHB Lorenzo Cain 0-0: Called Strike
0-1: Foul Ball, location: 2F
0-2: Ball
1-2: Ball
2-2: SINGLE (Groundball, 6MD)
Nick Kingham to second
Batting: RHB Carlos Correa 0-0: Called Strike
0-1: Ball
1-1: Fly out, F7 (Flyball, 78D)
Bottom of the 3rd over - 0 runs, 2 hits, 0 errors, 2 left on base; San Francisco 4 - Pittsburgh 1
TOP OF THE 4TH
San Francisco Giants batting - Pitching for Pittsburgh Pirates : RHP Nick Kingham
Batting: RHB Chris Gimenez 0-0: Swinging Strike
0-1: Ball
1-1: Ball
2-1: Ball
3-1: Called Strike
3-2: Foul Ball, location: 2F
3-2: Strikes out swinging
Batting: RHB Max Scherzer 0-0: Swinging Strike
0-1: Ball
1-1: Called Strike
1-2: Ground out 5-3 (Groundball, 56)
Batting: LHB Jon Jay 0-0: Ball
1-0: Ground out 4-3 (Groundball, 4)
Top of the 4th over - 0 runs, 0 hits, 0 errors, 0 left on base; San Francisco 4 - Pittsburgh 1
BOTTOM OF THE 4TH
Pittsburgh Pirates batting - Pitching for San Francisco Giants : RHP Max Scherzer
Batting: LHB Jake Lamb 0-0: Ball
1-0: Foul Ball, location: 2F
1-1: Swinging Strike
1-2: Ball
2-2: Foul Ball, location: 2F
2-2: Strikes out swinging
Batting: RHB Ryan Zimmerman 0-0: Ball
1-0: DOUBLE (Line Drive, 5D)
Batting: LHB Jay Bruce 0-0: Called Strike
0-1: Called Strike
0-2: Ball
1-2: Foul Ball, location: 2F
1-2: Strikes out looking
Batting: LHB Brad Miller 0-0: Ball
1-0: SINGLE (Line Drive, 8RS)
Ryan Zimmerman to third
Runner from 3rd tries for Home, SAFE, no throw
Batting: RHB Manny Pina 0-0: Ball
1-0: Called Strike
1-1: Fielders Choice at 2nd, 5-4 (Groundball, 56)
Bottom of the 4th over - 1 run, 2 hits, 0 errors, 1 left on base; San Francisco 4 - Pittsburgh 2
TOP OF THE 5TH
San Francisco Giants batting - Pitching for Pittsburgh Pirates : RHP Nick Kingham
Batting: RHB Dustin Pedroia 0-0: Fly out, F9 (Flyball, 9LS)
Batting: LHB Anthony Rizzo 0-0: Called Strike
0-1: Ball
1-1: Ball
2-1: Ball
3-1: Base on Balls
Batting: LHB Kyle Seager 0-0: SINGLE (Line Drive, 9S)
Anthony Rizzo to second
Runner from 2nd tries for 3rd, SAFE, throw made to third
Batting: RHB Nelson Cruz 0-0: Ball
1-0: Called Strike
1-1: Foul Ball, location: 2F
1-2: Ball
2-2: Foul Ball, location: 2F
2-2: SINGLE (Flyball, 78S)
Anthony Rizzo scores
Kyle Seager to second
Batting: LHB Corey Dickerson 0-0: Ball
1-0: SINGLE (Groundball, 34D)
Kyle Seager to third
Nelson Cruz to second
Runner from 3rd tries for Home, SAFE, no throw
Pitching: RHP Matt Bush
Now at C: Robinson Chirinos
Batting: RHB Tim Anderson 0-0: Ball
1-0: Fly out, F9 (Line Drive, 9D)
Runner from 2nd tags up, SAFE at 3rd, no throw
Batting: RHB Chris Gimenez 0-0: Called Strike
0-1: Foul Ball, location: 2F
0-2: Strikes out swinging
Top of the 5th over - 2 runs, 3 hits, 0 errors, 2 left on base; San Francisco 6 - Pittsburgh 2
BOTTOM OF THE 5TH
Pittsburgh Pirates batting - Pitching for San Francisco Giants : RHP Max Scherzer
Batting: RHB Robinson Chirinos 0-0: Ball
1-0: Called Strike
1-1: Ground out 5-3 (Groundball, 56S)
Batting: RHB Carlos Gomez 0-0: Ball
1-0: Foul Ball, location: 2F
1-1: Fly out, F3 (Popup, 3F)
Batting: RHB Lorenzo Cain 0-0: Ball
1-0: Foul Ball, location: 2F
1-1: Fly out, F9 (Flyball, 9S)
Bottom of the 5th over - 0 runs, 0 hits, 0 errors, 0 left on base; San Francisco 6 - Pittsburgh 2
TOP OF THE 6TH
San Francisco Giants batting - Pitching for Pittsburgh Pirates : RHP Matt Bush
Batting: RHB Max Scherzer 0-0: Ball
1-0: Foul Ball, location: 2F
1-1: Foul Ball, location: 2F
1-2: Ball
2-2: Strikes out looking
Batting: LHB Jon Jay 0-0: Swinging Strike
0-1: Called Strike
0-2: Ball
1-2: Strikes out swinging
Batting: RHB Dustin Pedroia 0-0: Ball
1-0: Ball
2-0: Called Strike
2-1: Ground out 5-3 (Groundball, 56S)
Top of the 6th over - 0 runs, 0 hits, 0 errors, 0 left on base; San Francisco 6 - Pittsburgh 2
BOTTOM OF THE 6TH
Pittsburgh Pirates batting - Pitching for San Francisco Giants : RHP Max Scherzer
Batting: RHB Carlos Correa 0-0: Fly out, F4 (Popup, 34)
Batting: LHB Jake Lamb 0-0: Ball
1-0: Ball
2-0: Ball
3-0: Called Strike
3-1: Base on Balls
Batting: RHB Ryan Zimmerman 0-0: Swinging Strike
0-1: Ball
1-1: Ball
2-1: Foul Ball, location: 2F
2-2: Foul Ball, location: 2F
2-2: Grounds into double play, 6-4-3 (Groundball, 56D)
Bottom of the 6th over - 0 runs, 0 hits, 0 errors, 0 left on base; San Francisco 6 - Pittsburgh 2
TOP OF THE 7TH
San Francisco Giants batting - Pitching for Pittsburgh Pirates : RHP Matt Bush
Pitching: RHP Addison Reed
Batting: LHB Anthony Rizzo 0-0: Ground out 6-3 (Groundball, 4)
Batting: LHB Kyle Seager 0-0: Foul Ball, location: 2F
0-1: Ball
1-1: Ball
2-1: Called Strike
2-2: Ground out U3 (Groundball, 3)
Batting: RHB Nelson Cruz 0-0: Ball
1-0: Called Strike
1-1: Fly out, F8 (Line Drive, 8LM)
Top of the 7th over - 0 runs, 0 hits, 0 errors, 0 left on base; San Francisco 6 - Pittsburgh 2
BOTTOM OF THE 7TH
Pittsburgh Pirates batting - Pitching for San Francisco Giants : RHP Max Scherzer
Batting: LHB Jay Bruce 0-0: Ball
1-0: Called Strike
1-1: Ball
2-1: Foul Ball, location: 2F
2-2: Strikes out swinging, 2-3 out at first.
Batting: LHB Brad Miller 0-0: Called Strike
0-1: Called Strike
0-2: Strikes out looking
Pinch Hitting: RHB Mark Canha 0-0: Ground out 1-3 (Groundball, 13S)
Bottom of the 7th over - 0 runs, 0 hits, 0 errors, 0 left on base; San Francisco 6 - Pittsburgh 2
TOP OF THE 8TH
San Francisco Giants batting - Pitching for Pittsburgh Pirates : RHP Addison Reed
Pitching: LHP Jace Fry
Batting: LHB Corey Dickerson 0-0: Ball
1-0: Ball
2-0: Ball
3-0: Called Strike
3-1: Foul Ball, location: 2F
3-2: Strikes out swinging
Batting: RHB Tim Anderson 0-0: Ball
1-0: Ball
2-0: Called Strike
2-1: Foul Ball, location: 2F
2-2: Strikes out swinging
Batting: RHB Chris Gimenez 0-0: Ball
1-0: SINGLE (Line Drive, 9LM)
Batting: RHB Max Scherzer 0-0: Foul Ball, location: 2F
0-1: Foul Ball, location: 2F
0-2: Ball
1-2: Ball
2-2: Strikes out swinging
Top of the 8th over - 0 runs, 1 hit, 0 errors, 1 left on base; San Francisco 6 - Pittsburgh 2
BOTTOM OF THE 8TH
Pittsburgh Pirates batting - Pitching for San Francisco Giants : RHP Max Scherzer
Batting: RHB Robinson Chirinos 0-0: Fly out, F7 (Flyball, 78S)
Batting: RHB Carlos Gomez 0-0: Ball
1-0: Fly out, F7 (Flyball, 7S)
Batting: RHB Lorenzo Cain 0-0: Called Strike
0-1: SINGLE (Groundball, 5D)
Batting: RHB Carlos Correa 0-0: Ball
Wild Pitch!
Lorenzo Cain to second
1-0: Swinging Strike
1-1: Ball
2-1: Ball
3-1: Fly out, F8 (Flyball, 8LS)
Bottom of the 8th over - 0 runs, 1 hit, 0 errors, 1 left on base; San Francisco 6 - Pittsburgh 2
TOP OF THE 9TH
San Francisco Giants batting - Pitching for Pittsburgh Pirates : LHP Jace Fry
Pitching: LHP Patrick Corbin
Batting: LHB Jon Jay 0-0: Ground out 4-3 (Groundball, 4D)
Batting: RHB Dustin Pedroia 0-0: Ball
1-0: Called Strike
1-1: Ball
2-1: Ground out 6-3 (Groundball, 56)
Batting: LHB Anthony Rizzo 0-0: Ball
1-0: Called Strike
1-1: Ball
2-1: Ground out 3-1 (Groundball, 34)
Top of the 9th over - 0 runs, 0 hits, 0 errors, 0 left on base; San Francisco 6 - Pittsburgh 2
BOTTOM OF THE 9TH
Pittsburgh Pirates batting - Pitching for San Francisco Giants : RHP Max Scherzer
Batting: LHB Jake Lamb 0-0: Ball
1-0: Called Strike
1-1: Swinging Strike
1-2: Ball
2-2: Ball
3-2: Strikes out swinging
Pitching: RHP Chris Hatcher
Batting: RHB Ryan Zimmerman 0-0: Ball
1-0: Ball
2-0: Called Strike
2-1: Fly out, F9 (Flyball, 89S)
Batting: LHB Jay Bruce 0-0: Ball
1-0: Called Strike
1-1: Ball
2-1: SINGLE (Groundball, 4D)
Batting: LHB Brad Miller 0-0: Swinging Strike
0-1: Called Strike
0-2: Ball
1-2: Ball
2-2: Strikes out swinging
Bottom of the 9th over - 0 runs, 1 hit, 0 errors, 1 left on base; San Francisco 6 - Pittsburgh 2
Sunday, July 1st, 2018 - OOTP Baseball 19.6 Build 53